 Dungeon Crawl Stone Soup version 0.22-b1-21-g5cfc168 (webtiles) character file.

197896 Gorglomux the Champion of Chaos (level 17, -7/165 HPs)
             Began as a Deep Dwarf Gladiator on Aug 3, 2018.
             Was the Champion of Makhleb.
             Mangled by a merfolk impaler
             ... wielding a +1 vampiric trident
              (13 damage)
             ... on level 4 of the Shoals.
             The game lasted 00:28:53 (21246 turns).

Gorglomux the Champion of Chaos (DDGl)             Turns: 21246, Time: 00:28:54

Health: -7/165     AC: 23    Str: 30    XL:     17   Next: 79%
Magic:  3/3        EV: 16    Int: 10    God:    Makhleb [******]
Gold:   65         SH: 12    Dex: 14    Spells: 16/16 levels left

rFire    + + .     SeeInvis .   C - +9 broad axe (freeze)
rCold    + . .     Gourm    .   K - +0 shield (curse)
rNeg     + . .     Faith    .   E - +1 chain mail {rF+}
rPois    .         Spirit   .   t - +1 hat of the Morning {*Drain rElec Str+6}
rElec    +         Reflect  .   h - scarf {rC+ rF+}
rCorr    .         Harm     .   m - +2 pair of gloves
MR       ++...                  (no boots)
Stlth    ..........             (no amulet)
HPRegen  0.00/turn              e - +1 ring of protection
MPRegen  0.08/turn              y - +3 ring of protection

@: flying, non-regenerating
A: damage resistance, heal wounds, negative energy resistance 1, sense
surroundings 2, no regeneration
}: 1/15 runes: serpentine
a: Heal Wounds, Minor Destruction, Lesser Servant of Makhleb, Major Destruction,
Greater Servant of Makhleb, Renounce Religion


You were on level 4 of the Shoals.
You worshipped Makhleb.
Makhleb was exalted by your worship.
You were not hungry.

You visited 6 branches of the dungeon, and saw 32 of its levels.

You collected 2165 gold pieces.
You spent 2100 gold pieces at shops.

Inventory:

Hand Weapons
 C - a +9 broad axe of freezing (weapon)
Missiles
 Z - 5 throwing nets (quivered)
Armour
 h - a scarf of resistance (worn)
 m - a +2 pair of gloves (worn)
 r - a +2 cloak
 t - the +1 hat of the Morning (worn) {*Drain rElec Str+6}
   (You acquired it on level 15 of the Dungeon)

   It affects your strength (+6).
   It insulates you from electricity.
   It causes draining when unequipped.
 v - a +0 large shield
 E - a +1 chain mail of fire resistance (worn)
 K - a cursed +0 shield (worn)
Jewellery
 c - an uncursed ring of protection from cold
 e - a +1 ring of protection (left hand)
 k - an uncursed ring of protection from magic {unknown}
 y - a +3 ring of protection (right hand)
Wands
 A - a wand of acid (29)
 I - a wand of iceblast (18)
 O - a wand of clouds (4)
 P - a wand of paralysis (19)
 S - a wand of scattershot (6)
Scrolls
 l - a scroll of immolation
 p - a scroll of silence
 s - 2 scrolls of holy word
 w - 2 scrolls of summoning
 B - a scroll of blinking
 D - 3 scrolls of fear
 F - 7 scrolls of amnesia
 H - 4 scrolls of fog
 L - 5 scrolls of enchant armour
 M - 7 scrolls of magic mapping
 R - 10 scrolls of identify
 T - 8 scrolls of teleportation
 U - 11 scrolls of remove curse
Potions
 b - a potion of lignification
 g - a potion of magic
 n - a potion of brilliance
 o - a potion of invisibility
 q - 6 potions of heal wounds
 u - 5 potions of resistance
 x - 4 potions of haste
 G - 4 potions of might
 J - 6 potions of agility
 N - 6 potions of flight
 Q - a potion of curing
 V - 2 potions of cancellation
 Y - 5 potions of mutation {!q}
Miscellaneous
 W - a sack of spiders
 X - a phial of floods
Comestibles
 f - 42 rations


   Skills:
 + Level 13.7 Fighting
 + Level 16.2 Axes
 - Level 1.7 Throwing
 + Level 15.8 Armour
 - Level 14.5 Dodging
 + Level 8.0 Shields
 + Level 16.8 Invocations


You had 16 spell levels left.
You didn't know any spells.
Your spell library contained the following spells:

 Spells                   Type           Power        Failure   Level  Hunger
 Conjure Flame            Conj/Fire      #.......     100%        3    ####...
 Lightning Bolt           Conj/Air       #.........   100%        5    ######.
 Freezing Cloud           Conj/Ice/Air   #.........   100%        6    #######
 Mephitic Cloud           Conj/Pois/Air  #.......     100%        3    ####...
 Ring of Flames           Chrm/Fire      #.........   100%        7    #######
 Animate Dead             Necr           N/A          100%        4    #####..
 Pain                     Necr           #...         96%         1    ##.....
 Animate Skeleton         Necr           N/A          96%         1    ##.....
 Vampiric Draining        Necr           #.........   100%        3    ####...
 Regeneration             Chrm/Necr      #.........   100%        3    ####...
 Stone Arrow              Conj/Erth      #.....       100%        3    ####...
 Shock                    Conj/Air       #...         96%         1    ##.....
 Swiftness                Chrm/Air       #.......     99%         2    ###....
 Deflect Missiles         Chrm/Air       #.........   100%        6    #######
 Airstrike                Air            #.........   100%        4    #####..
 Passwall                 Tmut/Erth      #.......     99%         2    ###....
 Silence                  Hex/Air        #.........   100%        5    ######.
 Shatter                  Erth           #.........   100%        9    #######
 Static Discharge         Conj/Air       #.......     100%        3    ####...
 Lee's Rapid Deconstruct  Erth           #.........   100%        5    ######.
 Sandblast                Erth           #.....       96%         1    ##.....
 Conjure Ball Lightning   Conj/Air       #.........   100%        6    #######
 Petrify                  Tmut/Erth      #.......     100%        4    #####..
 Tornado                  Air            #.........   100%        9    #######
 Summon Lightning Spire   Summ/Air       #.......     100%        4    #####..
 Poisonous Vapours        Pois/Air       #.....       99%         2    ###....
 Ignition                 Fire           #.........   100%        8    #######


Dungeon Overview and Level Annotations

Branches:
Dungeon (15/15)            Temple (1/1) D:7            Lair (6/6) D:11
 Shoals (4/4) Lair:4        Snake (4/4) Lair:4        Slime (0/5) Lair:6
    Orc (2/2) D:11            Elf (0/3) Orc:2        Vaults (0/5) D:14
 Depths (0/5) D:15

Altars:
Ashenzari
Cheibriados
Dithmenos
Elyvilon
Fedhas
Gozag
Hepliaklqana
Kikubaaqudgha
Makhleb
Nemelex Xobeh
Okawaru
Qazlal
Ru
Trog
Uskayaw
Vehumet
Wu Jian
Xom
Yredelemnul
Zin
The Shining One

Shops:
D:11 [   D:13 %   Orc:2 *((*:   Snake:2 ?

Portals:
Trove: D:12 (show abyssal rune of Zot)

Annotations:
D:3 1 runed door
D:6 1 exclusion
D:12 exclusion: ice statue
Lair:1 exclusion: oklob plant
Lair:2 3 runed doors, Yfixteps's ghost, journeyman TrMo
Lair:3 exclusion: oklob plant
Lair:4 1 runed door, Gorglomux's ghost, journeyman DDGl
Shoals:3 Gorglomux's ghost, adept DDGl
Snake:3 Vashnia


Innate Abilities, Weirdness & Mutations

You are resistant to damage.
You can heal yourself by infusing magical energy.
You resist negative energy. (rN+)
You passively map the area around you.
You do not regenerate.


Message History

The javelin of penetration pierces through you!!! * * * don't die
* * * You hear a splash!
You block the snapping turtle's attack!
The merfolk javelineer barely misses you!
Unknown command!
Unknown butt!
Unknown command!
A demon appears!!!
The merfolk impaler hits butt from afar with a vampiric trident! * * * don't die
* * * The snapping turtle barely misses you!
The merfolk javelineer throws a javelin of penetration!
The javelin of penetration pierces through you!!! * * * don't die
* * * You hear a splash!
You block the snapping turtle's attack!
The merfolk javelineer hits you from afar with a spear!
The merfolk impaler hits you from afar with a vampiric trident!!! rip

,,, ≈≈≈≈≈≈≈≈≈≈≈≈≈≈≈≈≈≈≈≈≈≈≈
..≈≈≈≈≈≈≈≈≈≈≈≈≈≈≈≈≈≈≈≈≈ ,
,....≈≈≈≈≈≈≈≈≈≈≈≈≈≈≈≈≈≈# ≈,
......≈≈≈≈≈≈≈≈≈≈≈≈≈≈≈≈≈# ≈,
.......≈≈≈#####≈..≈≈≈≈≈# ≈
.......≈≈##≈≈≈##≈≈≈≈≈≈≈#≈ ≈
.....≈m≈≈#t≈≈≈≈#≈≈≈≈≈.≈## ≈
≈ ,..≈≈≈≈≈≈(mmkφ≈≈#..≈..≈≈≈#
≈
≈≈≈≈≈≈≈≈≈t3@#≈≈≈≈.#.....≈≈≈≈
≈ ≈
≈≈≈≈≈≈1≈(##≈≈≈##.....≈$≈≈
≈≈≈≈ ≈
≈≈≈≈≈≈≈(≈≈#####.....#)≈≈≈
≈≈≈≈≈≈≈≈≈≈≈≈≈.........≈≈≈ ≈
≈≈≈≈≈≈≈≈≈≈(≈≈.......#..<≈ ≈
≈≈≈≈≈≈≈≈≈≈≈≈≈...)....#...≈ ≈
≈≈≈≈≈≈≈≈≈≈≈≈≈≈≈..))....#....
≈
≈≈≈≈≈≈≈≈≈≈≈≈≈≈........#....
≈≈≈≈≈≈≈≈≈≈≈≈##'##.....####.


You could see a merfolk impaler, 2 merfolk javelineers, 2 snapping turtles, a
wind drake, a friendly Executioner and a friendly neqoxec.

Vanquished Creatures
  Rupert (Orc:2)
  Kirke (D:12)
  6 nagarajas (Snake:4)
  Louise (Snake:4)
  Nessos (D:15)
  Azrael (D:15)
  Snorg (Lair:6)
  Josephine (Lair:6)
  5 merfolk impalers
  Fannar (D:12)
  A merfolk avatar (Shoals:4)
  8 hydras
  A catoblepas (Lair:6)
  9 naga warriors
  12 anacondas
  6 centaur warriors
  A death knight (D:14)
  8 two-headed ogres
  5 merfolk aquamancers (Shoals:4)
  2 satyrs
  2 death yaks
  2 ogre magi
  2 tengu warriors (D:15)
  3 shock serpents
  3 orc high priests (Orc:2)
  14 naga sharpshooters
  Sonja (Lair:3)
  A deep elf knight (D:14)
  A salamander mystic (Snake:4)
  2 sea snakes (Shoals:4)
  4 skeletal warriors (D:14)
  9 naga ritualists
  5 harpies (Shoals:4)
  3 deep elf magi
  16 mana vipers
  4 orc knights (Orc:2)
  3 orc sorcerers (Orc:2)
  6 manticores
  9 ugly things
  3 cyclopes
  6 salamanders
  3 fauns (Shoals:2)
  2 guardian serpents
  29 naga magi
  43 black mambas
  5 gargoyles
  4 merfolk sirens
  8 spiny frogs
  11 elephants
  A torpor snail (Lair:5)
  2 water nymphs
  6 centaur skeletons
  3 yaktaurs (D:14)
  4 rime drakes
  2 kobold demonologists
  3 freezing wraiths
  7 komodo dragons
  A yaktaur (shapeshifter) (D:15)
  2 wind drakes (Shoals:4)
  4 polar bears
  2 meliai (D:14)
  5 trolls
  10 merfolk
  2 hornets
  A slime creature (shapeshifter) (D:15)
  20 blink frogs
  A hippogriff (shapeshifter) (D:15)
  6 slime creatures (D:15)
  8 hippogriffs
  5 dream sheep
  A meliai zombie (D:15)
  Sigmund (D:5)
  5 snapping turtles
  6 wraiths
  7 water elementals
  A shadow (D:15)
  A wyvern (D:15)
  34 yaks
  A basilisk (D:11)
  3 fire elementals (D:15)
  A hog (D:12)
  3 hungry ghosts
  2 steam dragons
  A warg (Orc:2)
  43 nagas
  A soldier ant (D:13)
  4 acid dragons
  A water moccasin (shapeshifter) (D:15)
  2 hell hounds (D:15)
  13 porcupines
  12 water moccasins
  3 black bears
  16 ice beasts
  5 sky beasts
  17 orc warriors
  11 ogres
  5 phantoms
  2 boggarts (D:15)
  22 centaurs
  10 crocodiles
  4 big kobolds
  17 bullfrogs
  2 scorpions
  2 wyvern skeletons (D:14)
  23 killer bees
  4 wights
  5 electric eels (Lair:4)
  5 howler monkeys
  7 crimson imps
  4 centaur zombies
  A quasit (D:6)
  4 bullfrog zombies
  20 jellies
  7 lava snakes (Snake:4)
  7 hounds
  22 orc priests
  23 orc wizards
  7 iguanas
  9 worker ants
  A hound skeleton (D:9)
  A worker ant zombie (D:10)
  11 adders
  3 shadow imps
  A white imp (D:12)
  16 oozes
  An adder zombie (D:7)
  3 adder skeletons
  A dart slug (D:1)
  5 leopard geckos
  88 orcs
  5 giant cockroaches
  8 goblins
  6 hobgoblins
  6 jackals
  7 quokkas
  3 ball pythons
  A ball python zombie (D:6)
  6 bats
  5 frilled lizards
  A jackal zombie (D:5)
  7 kobolds
  A quokka skeleton (D:4)
  8 rats
  4 fungi
977 creatures vanquished.

Vanquished Creatures (collateral kills)
  A nagaraja (Snake:4)
  A two-headed ogre (Orc:2)
  2 anacondas (Snake:3)
  A shock serpent (Snake:3)
  A skeletal warrior (D:14)
  A naga ritualist (Snake:3)
  A mana viper (Snake:3)
  A faun (Shoals:2)
  A manticore (D:11)
  An orc sorcerer (Orc:2)
  3 black mambas
  A water nymph (Shoals:1)
  A meliai (D:14)
  3 slime creatures (D:15)
  3 dream sheep (Lair:6)
  2 yaks (D:11)
  3 nagas
  2 orc warriors
  A crocodile (Lair:3)
  An electric eel (Lair:3)
  A jelly (Lair:6)
  2 orc wizards
  5 orcs
  A fungus (Lair:6)
40 creatures vanquished.

Vanquished Creatures (others)
  A merfolk avatar (Shoals:4)
  A merfolk aquamancer (Shoals:4)
  An unseen horror (D:15)
  A centaur zombie (D:15)
  A troll (D:12)
  A snapping turtle (Shoals:4)
  A water elemental (Shoals:2)
  5 humans (D:12)
  A boggart (D:15)
  An orc wizard (Orc:2)
  A shadow imp (D:12)
  A white imp (D:12)
  An orc (Orc:2)
  3 bushes (D:11)
  16 fungi
  23 plants
59 creatures vanquished.

Grand Total: 1076 creatures vanquished

Notes
Turn   | Place    | Note
-------+----------+-------------------------------------------
     0 | D:1      | Gorglomux the Deep Dwarf Gladiator began the quest for the Orb.
     0 | D:1      | Reached XP level 1. HP: 19/19 MP: 1/1
   141 | D:1      | Reached XP level 2. HP: 23/26 MP: 2/2
   189 | D:1      | Reached skill level 1 in Armour
   514 | D:1      | Reached XP level 3. HP: 26/32 MP: 3/3
   668 | D:2      | Found a white marble altar of Elyvilon.
   764 | D:2      | Reached XP level 4. HP: 27/40 MP: 4/4
   851 | D:3      | Found a shattered altar of Ashenzari.
  1100 | D:3      | Reached XP level 5. HP: 16/48 MP: 4/4
  1237 | D:3      | Reached skill level 3 in Fighting
  1302 | D:3      | Found a runed door.
  1723 | D:4      | Noticed a phantom
  1772 | D:4      | Killed a phantom
  1772 | D:4      | Reached skill level 3 in Armour
  1772 | D:4      | Reached XP level 6. HP: 42/56 MP: 4/4
  2192 | D:5      | Entered Level 5 of the Dungeon
  2269 | D:5      | Reached XP level 7. HP: 23/63 MP: 5/5
  2270 | D:5      | Noticed Sigmund
  2281 | D:5      | Killed Sigmund
  2604 | D:5      | Reached skill level 6 in Axes
  3151 | D:6      | Reached skill level 6 in Dodging
  3151 | D:6      | Reached XP level 8. HP: 63/73 MP: 6/6
  3512 | D:6      | Reached skill level 6 in Armour
  3822 | D:6      | Found a basalt altar of Yredelemnul.
  3974 | D:6      | Gained mutation: You passively map the area around you. [Deep Dwarf growth]
  3974 | D:6      | Reached XP level 9. HP: 25/81 MP: 7/7
  4094 | D:7      | Reached skill level 6 in Fighting
  4229 | D:7      | Found a staircase to the Ecumenical Temple.
  4243 | Temple   | Entered the Ecumenical Temple
  4352 | Temple   | Became a worshipper of Makhleb the Destroyer
  4589 | D:7      | Reached skill level 1 in Invocations
  5383 | D:9      | Reached * piety under Makhleb
  5390 | D:9      | Noticed a two-headed ogre
  5392 | D:9      | Reached skill level 3 in Invocations
  5392 | D:9      | Reached XP level 10. HP: 32/92 MP: 1/3
  5405 | D:9      | Killed a two-headed ogre
  5507 | D:9      | Found a shadowy altar of Dithmenos.
  5508 | D:9      | Found a blossoming altar of Fedhas.
  5572 | D:9      | Reached ** piety under Makhleb
  5572 | D:9      | Reached skill level 9 in Axes
  5588 | D:9      | Reached skill level 9 in Dodging
  5695 | D:9      | Noticed a three-headed hydra
  5700 | D:9      | Killed a one-headed hydra
  5743 | D:9      | Noticed a two-headed ogre
  5749 | D:9      | HP: 3/94 [two-headed ogre/giant club (14)]
  5756 | D:9      | Killed a two-headed ogre
  5766 | D:9      | Reached skill level 6 in Invocations
  6043 | D:10     | Entered Level 10 of the Dungeon
  6046 | D:10     | Reached XP level 11. HP: 68/102 MP: 5/5
  6427 | D:10     | Reached skill level 9 in Armour
  7194 | D:11     | Reached *** piety under Makhleb
  7224 | D:11     | Found Deot's Antique Armour Shop.
  7245 | D:11     | Bought a glowing cloak for 285 gold pieces
  7313 | D:11     | Noticed a red ugly thing
  7334 | D:11     | Killed a red ugly thing
  7416 | D:11     | Found a staircase to the Orcish Mines.
  7440 | D:11     | Reached **** piety under Makhleb
  7572 | D:11     | Found a staircase to the Lair.
  7773 | D:11     | Noticed an eight-headed hydra
  7786 | D:11     | Killed a three-headed hydra
  8030 | D:12     | Reached ***** piety under Makhleb
  8066 | D:12     | Reached XP level 12. HP: 41/112 MP: 7/7
  8187 | D:12     | Noticed Kirke
  8200 | D:12     | Killed Kirke
  8200 | D:12     | Reached skill level 9 in Fighting
  8200 | D:12     | Reached skill level 9 in Invocations
  8242 | D:12     | Noticed Fannar
  8290 | D:12     | Killed Fannar
  8523 | D:12     | Found a portal to a secret trove of treasure.
  8786 | Lair:1   | Entered Level 1 of the Lair of Beasts
  9148 | Lair:1   | Noticed a five-headed hydra
  9163 | Lair:1   | Killed a one-headed hydra
  9775 | Lair:2   | Noticed a seven-headed hydra
  9796 | Lair:2   | Killed a nine-headed hydra
  9947 | Lair:2   | Found a runed gate.
  9949 | Lair:2   | Found a runed gate.
  9949 | Lair:2   | Found a runed gate.
  9964 | Lair:2   | Noticed Yfixteps's ghost (journeyman TrMo)
 10214 | Lair:2   | Noticed a five-headed hydra
 10223 | Lair:2   | Killed a one-headed hydra
 10681 | Lair:3   | Reached XP level 13. HP: 84/123 MP: 6/6
 10772 | Lair:3   | Noticed Sonja
 10789 | Lair:3   | Killed Sonja
 11175 | Lair:3   | HP: 9/184 [blink frog (8)]
 11576 | Lair:4   | Reached skill level 12 in Axes
 11594 | Lair:4   | Reached skill level 12 in Dodging
 11883 | Lair:4   | Found a runed door.
 11884 | Lair:4   | Noticed Gorglomux's ghost (journeyman DDGl)
 11886 | Lair:4   | Found a staircase to the Snake Pit.
 12099 | Lair:4   | Found a staircase to the Shoals.
 12622 | Lair:5   | Reached ****** piety under Makhleb
 12681 | Lair:5   | Reached skill level 12 in Armour
 13317 | Lair:6   | Entered Level 6 of the Lair of Beasts
 13323 | Lair:6   | Reached skill level 12 in Invocations
 13438 | Lair:6   | Gained mutation: You resist negative energy. (rN+) [Deep Dwarf growth]
 13438 | Lair:6   | Reached XP level 14. HP: 51/133 MP: 5/5
 13463 | Lair:6   | Found a staircase to the Slime Pits.
 13509 | Lair:6   | Noticed Snorg
 13701 | Lair:6   | Noticed Josephine
 13708 | Lair:6   | Killed Josephine
 13779 | Lair:6   | Killed Snorg
 14367 | D:13     | Found Duwiwiho's Food Shoppe.
 14443 | D:13     | Found a burning altar of Makhleb.
 15522 | D:14     | Found a gate to the Vaults.
 15554 | D:15     | Entered Level 15 of the Dungeon
 15680 | D:15     | Noticed Nessos
 15710 | D:15     | Killed Nessos
 15711 | D:15     | Reached XP level 15. HP: 70/142 MP: 7/7
 15808 | D:15     | Identified 3 scrolls of acquirement
 15867 | D:15     | Got a steaming hat
 15878 | D:15     | Identified the +1 hat of the Morning {*Drain rElec Str+6} (You acquired it on level 15 of the Dungeon)
 16181 | D:15     | Noticed Azrael
 16197 | D:15     | Killed Azrael
 16624 | D:15     | Found a staircase to the Depths.
 16927 | Snake:1  | Entered Level 1 of the Snake Pit
 16990 | Snake:1  | Reached skill level 12 in Fighting
 17794 | Snake:2  | Found Rinya's Magic Scroll Shop.
 17804 | Snake:2  | Bought a scroll of enchant weapon for 97 gold pieces
 17804 | Snake:2  | Bought a scroll of enchant weapon for 97 gold pieces
 17804 | Snake:2  | Bought a scroll of brand weapon for 260 gold pieces
 17804 | Snake:2  | Bought a scroll of magic mapping for 45 gold pieces
 18076 | Snake:2  | Reached skill level 1 in Shields
 18076 | Snake:2  | Reached XP level 16. HP: 49/154 MP: 7/7
 18342 | Snake:3  | Reached skill level 15 in Invocations
 18537 | Snake:3  | Reached skill level 3 in Shields
 18758 | Snake:3  | Noticed Vashnia
 18906 | Orc:1    | Entered Level 1 of the Orcish Mines
 19024 | Orc:2    | Entered Level 2 of the Orcish Mines
 19037 | Orc:2    | Found Ygym's Book Emporium.
 19049 | Orc:2    | Reached skill level 15 in Axes
 19300 | Orc:2    | Found a staircase to the Elven Halls.
 19315 | Orc:2    | Noticed Rupert
 19344 | Orc:2    | Killed Rupert
 19483 | Orc:2    | Found Rinya's Assorted Antiques.
 19483 | Orc:2    | Found Afaezumo's Assorted Antiques.
 19489 | Orc:2    | Found Enoefaume's Antique Weapon Shoppe.
 19489 | Orc:2    | Found Ruefeoteapp's Weapon Boutique.
 19495 | Orc:2    | Bought a potion of heal wounds for 165 gold pieces
 19495 | Orc:2    | Bought a potion of heal wounds for 165 gold pieces
 19617 | Orc:2    | Bought a potion of resistance for 320 gold pieces
 19617 | Orc:2    | Bought a scroll of enchant weapon for 240 gold pieces
 19617 | Orc:2    | Bought a potion of lignification for 96 gold pieces
 19622 | Orc:2    | Bought a potion of haste for 330 gold pieces
 19895 | Snake:4  | Entered Level 4 of the Snake Pit
 19993 | Snake:4  | Reached skill level 15 in Armour
 19995 | Snake:4  | Noticed Louise
 20034 | Snake:4  | Killed Louise
 20322 | Snake:4  | Reached skill level 6 in Shields
 20322 | Snake:4  | Reached XP level 17. HP: 129/163 MP: 5/5
 20436 | Snake:4  | Got a serpentine rune of Zot
 20551 | Shoals:1 | Entered Level 1 of the Shoals
 20870 | Shoals:3 | Found a runed gate.
 20870 | Shoals:3 | Found a runed gate.
 20871 | Shoals:3 | Found a runed gate.
 20872 | Shoals:3 | Noticed Gorglomux's ghost (adept DDGl)
 20873 | Shoals:3 | Noticed Gorglomux's ghost (adept DDGl)
 20873 | Shoals:3 | Noticed Gorglomux's ghost (adept DDGl)
 20929 | Shoals:4 | Entered Level 4 of the Shoals
 21246 | Shoals:4 | HP: 6/165 [merfolk javelineer/javelin of penetration (6)]
 21246 | Shoals:4 | Mangled by a merfolk impaler

Skill      XL: |  1  2  3  4  5  6  7  8  9 10 11 12 13 14 15 16 17 |
---------------+----------------------------------------------------+-----
Fighting       | 2 3 4 5 6 7 8 9 10 11 12 13 | 13.7
Armour         | 1 2 3 4 6 7 8 10 11 12 13 14 15 | 15.8
Axes           | 4 5 6 7 8 9 10 11 12 13 14 15 16 | 16.2
Dodging        | 4 5 6 7 8 9 10 11 12 13 14 | 14.5
Invocations    | 3 6 8 10 12 13 14 15 16 | 16.8
Shields        | 1 6 8 |  8.0
Throwing       | |  1.7

Action                   |  1- 3 |  4- 6 |  7- 9 | 10-12 | 13-15 | 16-18 || total
-------------------------+-------+-------+-------+-------+-------+-------++-------
Melee: War axe           |    89 |   203 |   457 |   766 |   223 |       ||  1738
       Hand axe          |       |       |       |    80 |       |       ||    80
       Battleaxe         |       |       |       |   138 |     7 |       ||   145
       Broad axe         |       |       |       |       |  1119 |   724 ||  1843
Throw: Throwing net      |       |     1 |       |     1 |       |       ||     2
Invok: Minor Destruction |       |       |       |     5 |    29 |    10 ||    44
       Lesser Servant of |       |       |       |     5 |     9 |     9 ||    23
       Greater Servant o |       |       |       |       |     1 |     4 ||     5
 Abil: Heal Wounds       |       |     5 |    18 |    21 |    29 |    23 ||    96
Evoke: Wand              |       |       |       |     7 |     4 |       ||    11
       Phial of floods   |       |       |       |       |     2 |     1 ||     3
  Use: Potion            |       |       |     3 |     2 |     3 |     6 ||    14
       Scroll            |       |       |       |    27 |    14 |     8 ||    49
 Stab: Distracted        |     1 |       |       |       |     1 |     2 ||     4
       Sleeping          |       |     1 |       |       |       |       ||     1
       Paralysed         |       |       |       |       |     3 |       ||     3
  Eat: Chunk             |       |     5 |     7 |    23 |    26 |     3 ||    64
       Ration            |       |       |     1 |       |     1 |     3 ||     5
Armor: Leather armour    |    20 |    59 |    65 |       |       |       ||   144
       Chain mail        |       |       |   258 |   686 |   861 |   339 ||  2144
       Skin              |       |       |       |    61 |    53 |       ||   114
Dodge: Dodged            |    68 |   175 |   464 |   883 |  1296 |   491 ||  3377
Block: Shield            |       |       |       |       |    16 |   456 ||   472
